[Event "FIDE Grand Swiss 2023"]
[Site "Villa Marina, Douglas, Isle of Man"]
[Date "2023.10.25"]
[Round "1.24"]
[White "Martirosyan, Haik M."]
[Black "Yakubboev, Nodirbek"]
[Result "1-0"]
[WhiteElo "2696"]
[BlackElo "2616"]
[EventDate "2023.10.25"]
[ECO "D41"]
[PlyCount "71"]
[BlackFideId "14203987"]
[TimeControl "40/100 + 20/50 + 15 + 30s/move"]
[WhiteFideId "13306553"]

1.d4 Nf6 2.c4 e6 3.Nf3 d5 4.Nc3 c5 5.cxd5 cxd4 6.Qxd4 exd5 7.e4 dxe4 8.Qxd8+ Kxd8 9.Ng5 Be6 10.Nxe6+ fxe6 11.Bg5 Ke8 12.O-O-O Bb4 13.Bxf6 gxf6 14.Nxe4 Ke7 15.a3 Ba5 16.Bb5 a6 17.Ba4 b5 18.Bb3 Rc8+ 19.Kb1 Rc6 20.f4 Ra7 21.f5 exf5 22.Ng3 f4 23.Nf5+ Kf8 24.Rd4 Rc5 25.Rxf4 Bc7 26.Rf2 Nc6 27.Rd1 Ne5 28.Nd4 Ke7 29.Rf5 Bb6 30.g4 Rd7 31.g5 Rd6 32.Rff1 Nc4 33.Nf5+ Rxf5 34.Rxf5 Rxd1+ 35.Bxd1 Ne3 36.Rxf6 1-0

[Event "FIDE Grand Swiss 2023"]
[Site "Villa Marina, Douglas, Isle of Man"]
[Date "2023.10.25"]
[Round "1.25"]
[White "Iturrizaga Bonelli, Eduardo"]
[Black "Nihal, Sarin"]
[Result "1/2-1/2"]
[WhiteElo "2615"]
[BlackElo "2694"]
[EventDate "2023.10.25"]
[ECO "A11"]
[PlyCount "63"]
[BlackFideId "25092340"]
[TimeControl "40/100 + 20/50 + 15 + 30s/move"]
[WhiteFideId "3901211"]

1.c4 c6 2.Nf3 d5 3.e3 Nf6 4.Qc2 a6 5.Nc3 g6 6.d4 Bg7 7.Be2 O-O 8.O-O Bg4 9.b3 e6 10.Bb2 Nbd7 11.Rfd1 Re8 12.h3 Bxf3 13.Bxf3 Nb6 14.Ne2 Nc8 15.Nf4 Nd6 16.Rac1 h5 17.g3 Nf5 18.Qe2 Qd6 19.Bg2 Rad8 20.Bc3 Qe7 21.Ba5 Rc8 22.Nd3 Nd7 23.Bb4 Qd8 24.Be1 a5 25.a4 Ra8 26.Bc3 Ra7 27.Qe1 Qb6 28.Rb1 Rea8 29.Nf4 Nf6 30.Nd3 Nd7 31.Nf4 Nf6 32.Nd3 1/2-1/2

[Event "FIDE Grand Swiss 2023"]
[Site "Villa Marina, Douglas, Isle of Man"]
[Date "2023.10.25"]
[Round "1.26"]
[White "Xiong, Jeffery"]
[Black "Karthikeyan, Murali"]
[Result "1/2-1/2"]
[WhiteElo "2693"]
[BlackElo "2611"]
[EventDate "2023.10.25"]
[ECO "D43"]
[PlyCount "65"]
[BlackFideId "5074452"]
[TimeControl "40/100 + 20/50 + 15 + 30s/move"]
[WhiteFideId "2047640"]

1.d4 Nf6 2.c4 e6 3.Nf3 d5 4.Nc3 c6 5.Bg5 Be7 6.e3 h6 7.Bh4 Nbd7 8.Qc2 b6 9.cxd5 cxd5 10.Bd3 Bb7 11.O-O O-O 12.Rac1 Rc8 13.Qb1 a6 14.b4 b5 15.a4 Ne4 16.Nxe4 Rxc1 17.Rxc1 dxe4 18.Bxe7 Qxe7 19.Bxe4 Bxe4 20.Qxe4 bxa4 21.Qc6 Qxb4 22.Qxd7 a3 23.Qc6 Qb2 24.Rf1 a5 25.g4 a2 26.Qa4 Rc8 27.Kg2 Kh7 28.Qd7 Rc1 29.Qxf7 Rxf1 30.Ng5+ hxg5 31.Qh5+ Kg8 32.Qe8+ Kh7 33.Qh5+ 1/2-1/2

[Event "FIDE Grand Swiss 2023"]
[Site "Villa Marina, Douglas, Isle of Man"]
[Date "2023.10.25"]
[Round "1.27"]
[White "Gupta, Abhijeet"]
[Black "Fedoseev, Vladimir"]
[Result "0-1"]
[WhiteElo "2609"]
[BlackElo "2691"]
[EventDate "2023.10.25"]
[ECO "E12"]
[PlyCount "94"]
[BlackFideId "24130737"]
[TimeControl "40/100 + 20/50 + 15 + 30s/move"]
[WhiteFideId "5010608"]

1.d4 Nf6 2.c4 e6 3.Nf3 b6 4.a3 Bb7 5.Nc3 d5 6.cxd5 exd5 7.Bg5 Nbd7 8.Ne5 Nxe5 9.dxe5 h6 10.Bh4 g5 11.Bg3 Nh5 12.e4 Nxg3 13.hxg3 Bg7 14.f4 d4 15.Qa4+ Kf8 16.Rd1 c5 17.Ba6 Bxa6 18.Qxa6 h5 19.Nb5 Qc8 20.Qxc8+ Rxc8 21.Ke2 h4 22.Nd6 Rc6 23.Nf5 hxg3 24.Rxh8+ Bxh8 25.Rh1 Bg7 26.Nxg7 Kxg7 27.f5 c4 28.Rd1 d3+ 29.Ke3 b5 30.Kd4 a5 31.Kc3 Rc5 32.Kd4 Rc8 33.Kc3 Kf8 34.Rh1 Ke7 35.Rd1 Rc5 36.Kd4 Rc7 37.Kc3 Rc8 38.Rh1 Rd8 39.Rd1 a4 40.Kd2 Rh8 41.Ke3 Rh4 42.Kd4 Rf4 43.Kd5 Rf2 44.Rh1 d2 45.e6 Rxg2 46.exf7 Rh2 47.Rd1 Rf2 0-1

[Event "FIDE Grand Swiss 2023"]
[Site "Villa Marina, Douglas, Isle of Man"]
[Date "2023.10.25"]
[Round "1.28"]
[White "Grandelius, Nils"]
[Black "Mareco, Sandro"]
[Result "1/2-1/2"]
[WhiteElo "2689"]
[BlackElo "2606"]
[EventDate "2023.10.25"]
[ECO "C92"]
[PlyCount "153"]
[BlackFideId "112275"]
[TimeControl "40/100 + 20/50 + 15 + 30s/move"]
[WhiteFideId "1710400"]

1.e4 e5 2.Nf3 Nc6 3.Bb5 a6 4.Ba4 Nf6 5.O-O Be7 6.Re1 b5 7.Bb3 d6 8.c3 O-O 9.h3 Bb7 10.d4 Re8 11.Ng5 Rf8 12.Nf3 Re8 13.a3 Bf8 14.d5 Ne7 15.c4 h6 16.Nc3 c6 17.dxc6 Bxc6 18.Qd3 Ng6 19.cxb5 axb5 20.Be3 Qd7 21.Nd5 Nxd5 22.Bxd5 Ra4 23.Bd2 Bxd5 24.Qxd5 Rc4 25.Rac1 Rec8 26.Rxc4 bxc4 27.Be3 Ne7 28.Qd2 Qe6 29.Rd1 Rc6 30.a4 f5 31.exf5 Nxf5 32.a5 Nxe3 33.fxe3 Be7 34.Ra1 Ra6 35.e4 Bd8 36.Qb4 Kh7 37.Qb5 Qc8 38.Kh2 c3 39.bxc3 Qxc3 40.Qxa6 Qxa1 41.Qxd6 Qxa5 42.h4 Qc7 43.Qe6 Qe7 44.Qf5+ g6 45.Qc8 Qc7 46.Qe6 Qe7 47.Qd5 Bc7 48.Kh3 Bd6 49.h5 gxh5 50.Nh4 Qf6 51.Qb7+ Kg8 52.Qc8+ Bf8 53.Qe8 Qg5 54.Qe6+ Kh7 55.Nf3 Qf4 56.Qxe5 Qxe5 57.Nxe5 Bd6 58.Nc6 Kg6 59.Kh4 Bf4 60.Nb4 Bg5+ 61.Kg3 Bd2 62.Nd5 Kg5 63.Kf3 Bc1 64.Ne3 Bb2 65.Nc4 Bc3 66.Nd6 Bb2 67.Nb7 Bd4 68.Nd8 Bb2 69.Ne6+ Kf6 70.Nf4 Kg5 71.Nh3+ Kf6 72.Ke3 Ke5 73.Kd3 Bc1 74.Ng1 Ba3 75.Ne2 Kf6 76.Nd4 Kg5 77.Ke2 1/2-1/2

[Event "FIDE Grand Swiss 2023"]
[Site "Villa Marina, Douglas, Isle of Man"]
[Date "2023.10.25"]
[Round "1.29"]
[White "Huschenbeth, Niclas"]
[Black "Navara, David"]
[Result "1-0"]
[WhiteElo "2605"]
[BlackElo "2689"]
[EventDate "2023.10.25"]
[ECO "C67"]
[PlyCount "135"]
[BlackFideId "309095"]
[TimeControl "40/100 + 20/50 + 15 + 30s/move"]
[WhiteFideId "24604747"]

1.e4 e5 2.Nf3 Nc6 3.Bb5 Nf6 4.O-O Nxe4 5.Re1 Nd6 6.Nxe5 Be7 7.Bf1 Nxe5 8.Rxe5 O-O 9.d4 Bf6 10.Re1 Re8 11.Bf4 Rxe1 12.Qxe1 Ne8 13.Nc3 Bxd4 14.Nd5 d6 15.Bg5 f6 16.Bh4 Bxb2 17.Rb1 Be5 18.f4 c6 19.fxe5 cxd5 20.exf6 Nxf6 21.Bd3 Bd7 22.Qg3 Bc6 23.Bg5 a6 24.Rf1 Qb6+ 25.Be3 Qb2 26.Qh4 Ne4 27.Qe7 h6 28.Bxh6 gxh6 29.Qe6+ Kh8 30.Qxh6+ Kg8 31.Qg6+ Qg7 32.Bxe4 Qxg6 33.Bxg6 Bb5 34.Rf6 Rf8 35.Rxf8+ Kxf8 36.c3 Bc4 37.a3 Kg7 38.Bc2 b5 39.Kf2 d4 40.cxd4 a5 41.Ke3 Kh6 42.g3 Be6 43.Bd1 Bh3 44.Be2 b4 45.axb4 axb4 46.Kd3 Bc8 47.Kc2 Be6 48.Bf3 Bc4 49.h4 Kg6 50.g4 Kh6 51.Kb2 Kg7 52.Be4 Kh6 53.d5 Be2 54.g5+ Kh5 55.g6 Kh6 56.Kb3 Kg7 57.Kxb4 Kf6 58.Ka5 Bh5 59.Kb6 Ke5 60.g7 Bf7 61.h5 Kxe4 62.h6 Bg8 63.Kc6 Kf5 64.Kxd6 Kg6 65.Kc6 Kxh6 66.d6 Be6 67.g8=Q Bxg8 68.d7 1-0

[Event "FIDE Grand Swiss 2023"]
[Site "Villa Marina, Douglas, Isle of Man"]
[Date "2023.10.25"]
[Round "1.30"]
[White "Sargissian, Gabriel"]
[Black "Bachmann, Axel"]
[Result "1-0"]
[WhiteElo "2686"]
[BlackElo "2604"]
[EventDate "2023.10.25"]
[ECO "E10"]
[PlyCount "108"]
[BlackFideId "3700488"]
[TimeControl "40/100 + 20/50 + 15 + 30s/move"]
[WhiteFideId "13300881"]

1.d4 Nf6 2.c4 e6 3.Nf3 c5 4.d5 b5 5.dxe6 fxe6 6.cxb5 d5 7.Nc3 Be7 8.e4 d4 9.e5 dxc3 10.exf6 Bxf6 11.Rb1 Bb7 12.Qxd8+ Kxd8 13.bxc3 Bxf3 14.gxf3 Bxc3+ 15.Ke2 Nd7 16.f4 Kc7 17.Bg2 Rad8 18.Be3 Bd4 19.a4 Nb6 20.a5 Nc4 21.Rhc1 Nxa5 22.Rxc5+ Bxc5 23.Bxc5 Nc4 24.Rc1 Nd6 25.Bxa7+ Kd7 26.Bb6 Rc8 27.Bc6+ Ke7 28.Bc5 Rhd8 29.Rd1 g5 30.fxg5 e5 31.Rd3 Ke6 32.Bxd6 Rxd6 33.Rf3 Rg8 34.h4 h6 35.Rf6+ Ke7 36.Rxh6 Rxh6 37.gxh6 Rh8 38.Kf3 Rxh6 39.Kg4 Rg6+ 40.Kh5 Re6 41.f3 Kf6 42.Kg4 Rd6 43.Be4 Rb6 44.Bc6 Rb8 45.h5 Rg8+ 46.Kh4 Rg1 47.b6 Rh1+ 48.Kg3 Rb1 49.b7 Kg5 50.h6 Kxh6 51.Kg4 Kg7 52.Kf5 Kf7 53.Kxe5 Ke7 54.Kd5 Kd8 1-0

[Event "FIDE Grand Swiss 2023"]
[Site "Villa Marina, Douglas, Isle of Man"]
[Date "2023.10.25"]
[Round "1.31"]
[White "Petrosyan, Manuel"]
[Black "Tabatabaei, M. Amin"]
[Result "0-1"]
[WhiteElo "2604"]
[BlackElo "2685"]
[EventDate "2023.10.25"]
[ECO "B51"]
[PlyCount "106"]
[BlackFideId "12521213"]
[TimeControl "40/100 + 20/50 + 15 + 30s/move"]
[WhiteFideId "13300857"]

1.e4 c5 2.Nf3 d6 3.Bb5+ Nd7 4.c3 Nf6 5.Bd3 Qc7 6.O-O b6 7.Re1 Bb7 8.Bc2 Rc8 9.d4 cxd4 10.Nxd4 g6 11.b3 Nc5 12.c4 Bg7 13.Nc3 O-O 14.Bg5 a6 15.Nd5 Nxd5 16.exd5 e5 17.dxe6 Nxe6 18.Nxe6 fxe6 19.Rc1 Bb2 20.Rb1 Be5 21.Qg4 Qf7 22.Re2 b5 23.Bh6 Rfe8 24.Bd3 bxc4 25.Bxc4 Qf5 26.Qxf5 gxf5 27.Bd2 Kf7 28.f3 Kf6 29.Rd1 d5 30.Be1 Bb8 31.Bh4+ Kg6 32.Bd3 e5 33.g4 e4 34.Bb1 d4 35.Rde1 Ba7 36.Kf1 e3 37.Bxf5+ Kg7 38.Kg2 Rf8 39.Rd1 Rc5 40.Kg3 Rcxf5 41.gxf5 Rxf5 42.Rc2 Bb8+ 43.Kh3 Rxf3+ 44.Bg3 Be4 45.Rc4 Bxg3 46.hxg3 Bf5+ 47.Kg2 Rf2+ 48.Kg1 d3 49.g4 Bg6 50.Rc7+ Kh6 51.Re7 e2 52.Re1 Rf4 53.Kg2 Be4+ 0-1

[Event "FIDE Grand Swiss 2023"]
[Site "Villa Marina, Douglas, Isle of Man"]
[Date "2023.10.25"]
[Round "1.32"]
[White "Esipenko, Andrey"]
[Black "Sanal, Vahap"]
[Result "1-0"]
[WhiteElo "2683"]
[BlackElo "2603"]
[EventDate "2023.10.25"]
[ECO "C53"]
[PlyCount "95"]
[BlackFideId "6300545"]
[TimeControl "40/100 + 20/50 + 15 + 30s/move"]
[WhiteFideId "24175439"]

1.e4 e5 2.Nf3 Nc6 3.Bc4 Bc5 4.c3 Nf6 5.d3 a6 6.O-O d6 7.Re1 Ba7 8.Nbd2 O-O 9.Nf1 h6 10.Ng3 Na5 11.Bb3 Nxb3 12.axb3 Re8 13.h3 Bd7 14.Bd2 Nh7 15.d4 Nf8 16.Be3 Ng6 17.Qd2 Nh4 18.Nxh4 Qxh4 19.Kh2 Rad8 20.f4 exd4 21.cxd4 d5 22.e5 f6 23.b4 Rf8 24.e6 Bxe6 25.f5 Bf7 26.Rf1 h5 27.Rf4 Qg5 28.Rf3 Qh4 29.b5 Rfe8 30.Bf4 Bb8 31.bxa6 bxa6 32.Rxa6 c6 33.Rxc6 Bxf4 34.Rxf4 Qg5 35.h4 Qh6 36.Rb6 Ra8 37.Rf2 Qxd2 38.Rxd2 Re7 39.b4 Re3 40.b5 Raa3 41.Rb8+ Kh7 42.Ne2 Rab3 43.Nf4 Re4 44.g3 Be8 45.Ne6 Bxb5 46.Nc5 Rb1 47.Nxe4 dxe4 48.d5 1-0

[Event "FIDE Grand Swiss 2023"]
[Site "Villa Marina, Douglas, Isle of Man"]
[Date "2023.10.25"]
[Round "1.33"]
[White "Mishra, Abhimanyu"]
[Black "Sarana, Alexey"]
[Result "0-1"]
[WhiteElo "2592"]
[BlackElo "2682"]
[EventDate "2023.10.25"]
[ECO "B92"]
[PlyCount "158"]
[BlackFideId "24133795"]
[TimeControl "40/100 + 20/50 + 15 + 30s/move"]
[WhiteFideId "30920019"]

1.e4 c5 2.Nf3 d6 3.d4 Nf6 4.Nc3 cxd4 5.Nxd4 a6 6.Be2 e5 7.Nb3 Be7 8.Be3 Be6 9.Nd5 Nbd7 10.Qd3 O-O 11.a4 Bxd5 12.exd5 Rc8 13.c4 e4 14.Qd4 Nc5 15.Nxc5 dxc5 16.Qd2 Bd6 17.O-O Qc7 18.g3 a5 19.Ra3 Rce8 20.Kg2 Nd7 21.Bf4 b6 22.h4 f5 23.Rh1 Bxf4 24.gxf4 Nf6 25.h5 Re7 26.Rh4 Ne8 27.Rg3 Rf6 28.Qe3 Kf8 29.b3 Qd6 30.Rg5 Rff7 31.Rh3 Qf6 32.Kh2 Nd6 33.Rhg3 Ke8 34.Qc3 Qd4 35.Qe3 Kd7 36.Rg2 Qf6 37.R2g3 Kc7 38.Bf1 Qb2 39.Bh3 Kd8 40.Kg1 Ke8 41.Bf1 Qd4 42.Be2 Kf8 43.Kg2 Rf6 44.Kg1 Rh6 45.Kg2 Qb2 46.Bf1 Qf6 47.Rh3 g6 48.hxg6 Rxg6 49.Rxg6 hxg6 50.Qc3 Qxc3 51.Rxc3 Rh7 52.Rh3 Rxh3 53.Kxh3 Kg7 54.Kg3 Kf6 55.Be2 Ne8 56.Kh4 Nc7 57.Bd1 Na6 58.Bc2 Nb4 59.Bb1 Nd3 60.f3 Nxf4 61.fxe4 g5+ 62.Kg3 Ne2+ 63.Kf2 Nc3 64.Bc2 Nxe4+ 65.Bxe4 fxe4 66.Ke3 Ke5 67.Kf2 g4 68.Ke3 g3 69.Ke2 Kf5 70.Ke3 Kg4 71.d6 g2 72.Kf2 Kh3 73.d7 e3+ 74.Kf3 g1=Q 75.d8=Q Qf2+ 76.Ke4 e2 77.Qd7+ Kg2 78.Qg4+ Kf1 79.Kd3 Qd4+ 0-1

[Event "FIDE Grand Swiss 2023"]
[Site "Villa Marina, Douglas, Isle of Man"]
[Date "2023.10.25"]
[Round "1.34"]
[White "Amin, Bassem"]
[Black "Wagner, Dennis"]
[Result "1-0"]
[WhiteElo "2680"]
[BlackElo "2589"]
[EventDate "2023.10.25"]
[ECO "C50"]
[PlyCount "103"]
[BlackFideId "24650684"]
[TimeControl "40/100 + 20/50 + 15 + 30s/move"]
[WhiteFideId "10601457"]

1.e4 e5 2.Nf3 Nc6 3.Bc4 Nf6 4.d3 Bc5 5.Nc3 a6 6.Bg5 h6 7.Bxf6 Qxf6 8.Nd5 Qd8 9.c3 d6 10.d4 Ba7 11.dxe5 Be6 12.exd6 Qxd6 13.Qe2 O-O-O 14.Rd1 Na5 15.Ne3 Qxd1+ 16.Nxd1 Bxc4 17.Qc2 Bd3 18.Qa4 Nc4 19.b3 Nb6 20.Qa5 Bxe4 21.c4 Nd7 22.O-O Nc5 23.Ne3 Rhe8 24.Rd1 Nd3 25.Ne1 Re5 26.Qd2 Bg6 27.Nxd3 Rxd3 28.Qe2 Rxd1+ 29.Qxd1 Bxe3 30.fxe3 Rxe3 31.Qd4 Re2 32.Qxg7 h5 33.Qh8+ Kd7 34.Qd4+ Kc8 35.g4 Re4 36.Qh8+ Kd7 37.gxh5 Rg4+ 38.Kf1 Rh4 39.Qb8 Rxh5 40.Qxb7 a5 41.Kg2 Rg5+ 42.Kf2 Re5 43.h4 Bh5 44.Kg3 Bg6 45.Qa7 Kc6 46.Qa6+ Kd7 47.Qf6 Rf5 48.Qd4+ Kc6 49.Kg4 Rh5 50.a3 Kb7 51.c5 Ka7 52.Qa4 1-0

[Event "FIDE Grand Swiss 2023"]
[Site "Villa Marina, Douglas, Isle of Man"]
[Date "2023.10.25"]
[Round "1.35"]
[White "Suleymanli, Aydin"]
[Black "Abasov, Nijat"]
[Result "1/2-1/2"]
[WhiteElo "2588"]
[BlackElo "2679"]
[EventDate "2023.10.25"]
[ECO "D20"]
[PlyCount "71"]
[BlackFideId "13402960"]
[TimeControl "40/100 + 20/50 + 15 + 30s/move"]
[WhiteFideId "13413937"]

1.d4 d5 2.c4 dxc4 3.e4 Nf6 4.e5 Nd5 5.Bxc4 Bf5 6.Qb3 c6 7.Bxd5 cxd5 8.Qxb7 Qc8 9.Qxc8+ Bxc8 10.Nc3 e6 11.f4 Nc6 12.Nf3 Ba6 13.Kf2 Rb8 14.b3 Rc8 15.Na4 Bb5 16.Nc3 Ba6 17.Bd2 Ba3 18.Na4 Kd7 19.Bc1 Be7 20.Rd1 Nb4 21.Ne1 Nc2 22.Rb1 Nxe1 23.Kxe1 Rc2 24.Rd2 Bb4 25.Nc5+ Rxc5 26.dxc5 Kc6 27.Bb2 g5 28.fxg5 h6 29.gxh6 Rxh6 30.Rd1 Rxh2 31.Kf2 Bxd2 32.Rxd2 Rh4 33.Bd4 Rf4+ 34.Kg3 Re4 35.a4 Be2 36.b4 1/2-1/2

[Event "FIDE Grand Swiss 2023"]
[Site "Villa Marina, Douglas, Isle of Man"]
[Date "2023.10.25"]
[Round "1.36"]
[White "Donchenko, Alexander"]
[Black "Jumabayev, Rinat"]
[Result "0-1"]
[WhiteElo "2676"]
[BlackElo "2585"]
[EventDate "2023.10.25"]
[ECO "A07"]
[PlyCount "98"]
[BlackFideId "13702661"]
[TimeControl "40/100 + 20/50 + 15 + 30s/move"]
[WhiteFideId "24603295"]

1.Nf3 d5 2.g3 g6 3.Bg2 Bg7 4.O-O e5 5.d3 Nc6 6.Nc3 d4 7.Ne4 h6 8.c3 Nge7 9.cxd4 exd4 10.Qa4 b6 11.b4 a6 12.b5 Na5 13.bxa6+ Nac6 14.Bf4 O-O 15.h4 Rxa6 16.Qc4 Ra5 17.Qc1 Kh7 18.Kh2 Be6 19.Rh1 f6 20.a3 Qd7 21.Kg1 Nd5 22.Bd2 Ra4 23.Qc2 Rfa8 24.Rc1 Nce7 25.Bb4 Nxb4 26.axb4 R8a7 27.h5 g5 28.Qb2 f5 29.Nexg5+ hxg5 30.Nxg5+ Kh8 31.h6 Bf6 32.Nxe6 Qxe6 33.Bf3 Ra2 34.Qb1 Bg5 35.Kg2 Bxc1 36.Qxc1 Qf6 37.Rh5 f4 38.g4 c6 39.g5 Qd6 40.Qc4 Ng6 41.h7 Ne7 42.b5 Ra8 43.bxc6 R2a5 44.Qf7 Rf5 45.Qb3 Qe5 46.Qxb6 Rxg5+ 47.Rxg5 Qxg5+ 48.Kh3 Qh6+ 49.Kg4 Qg6+ 0-1

[Event "FIDE Grand Swiss 2023"]
[Site "Villa Marina, Douglas, Isle of Man"]
[Date "2023.10.25"]
[Round "1.37"]
[White "Kuybokarov, Temur"]
[Black "Matlakov, Maxim"]
[Result "1-0"]
[WhiteElo "2584"]
[BlackElo "2674"]
[EventDate "2023.10.25"]
[ECO "C82"]
[PlyCount "81"]
[BlackFideId "4168003"]
[TimeControl "40/100 + 20/50 + 15 + 30s/move"]
[WhiteFideId "14203049"]

1.e4 e5 2.Nf3 Nc6 3.Bb5 a6 4.Ba4 Nf6 5.O-O Nxe4 6.d4 b5 7.Bb3 d5 8.dxe5 Be6 9.c3 Bc5 10.Nbd2 O-O 11.Bc2 Nxf2 12.Rxf2 Bxf2+ 13.Kxf2 f6 14.Nf1 fxe5 15.Kg1 Bg4 16.Ne3 Be6 17.Nf1 Bg4 18.Ne3 Be6 19.b3 a5 20.Bb2 Qe7 21.Qe1 e4 22.Nd4 Nxd4 23.cxd4 Rf7 24.Bd1 Raf8 25.Be2 Rf2 26.Nd1 e3 27.Nxe3 Bg4 28.Bxg4 Rxb2 29.Nxd5 Qg5 30.Bf3 Kh8 31.Qxa5 Rc2 32.Qe1 c5 33.h4 Qd8 34.Qe4 Rd2 35.dxc5 Re8 36.Qf5 Qxh4 37.Rf1 Qd4+ 38.Kh1 Qh4+ 39.Qh3 Qg5 40.Qh5 Qxh5+ 41.Bxh5 1-0

[Event "FIDE Grand Swiss 2023"]
[Site "Villa Marina, Douglas, Isle of Man"]
[Date "2023.10.25"]
[Round "1.38"]
[White "Shevchenko, Kirill"]
[Black "Akobian, Varuzhan"]
[Result "1/2-1/2"]
[WhiteElo "2671"]
[BlackElo "2582"]
[EventDate "2023.10.25"]
[ECO "A07"]
[PlyCount "120"]
[BlackFideId "13300580"]
[TimeControl "40/100 + 20/50 + 15 + 30s/move"]
[WhiteFideId "14129574"]

1.Nf3 d5 2.g3 Nf6 3.Bg2 Nc6 4.d4 Bf5 5.O-O e6 6.c4 Nb4 7.Ne5 Bc2 8.Qd2 Bxb1 9.Rxb1 Nxa2 10.cxd5 Nxd5 11.e4 Nf6 12.Qd3 Nxc1 13.Rbxc1 c6 14.d5 Be7 15.dxe6 Qxd3 16.exf7+ Kf8 17.Nxd3 Kxf7 18.e5 Ne8 19.Rfd1 Rd8 20.f4 Nc7 21.Nf2 Rxd1+ 22.Rxd1 Rd8 23.Rxd8 Bxd8 24.Ne4 Be7 25.Kf2 Ne6 26.Ke3 Nc5 27.Bh3 Nxe4 28.Kxe4 Ke8 29.Bf5 h6 30.Bc8 b5 31.Kf5 a5 32.Ke6 a4 33.Bd7+ Kf8 34.Bxc6 a3 35.bxa3 Bxa3 36.Bxb5 Bc5 37.Kd7 Bd4 38.Kd6 Bb6 39.Ba4 Ba5 40.Bc2 Bb4+ 41.Kd7 Bc5 42.Bg6 Bd4 43.Kd6 Bb6 44.Bd3 Bd4 45.Bc4 Bb6 46.Be2 Bd4 47.Bh5 Bb6 48.h4 Ba5 49.Kd7 Be1 50.e6 Bb4 51.Bg6 Bc5 52.g4 Bb4 53.Bf7 Ba3 54.Kc6 Bb4 55.Kd5 Ke7 56.g5 Be1 57.f5 hxg5 58.hxg5 Bd2 59.f6+ gxf6 60.g6 Bh6 1/2-1/2

[Event "FIDE Grand Swiss 2023"]
[Site "Villa Marina, Douglas, Isle of Man"]
[Date "2023.10.25"]
[Round "1.39"]
[White "Dardha, Daniel"]
[Black "Bacrot, Etienne"]
[Result "0-1"]
[WhiteElo "2580"]
[BlackElo "2669"]
[EventDate "2023.10.25"]
[ECO "D27"]
[PlyCount "76"]
[BlackFideId "605506"]
[TimeControl "40/100 + 20/50 + 15 + 30s/move"]
[WhiteFideId "240990"]

1.d4 d5 2.c4 dxc4 3.Nf3 Nf6 4.e3 e6 5.Bxc4 a6 6.O-O c5 7.Be2 cxd4 8.exd4 Nc6 9.Nc3 Be7 10.Be3 Nd5 11.Nxd5 exd5 12.Ne5 O-O 13.Rc1 Qb6 14.Bd3 g6 15.Qd2 Be6 16.f4 Nxe5 17.dxe5 d4 18.Bf2 Rac8 19.a3 Rfd8 20.Rxc8 Rxc8 21.Rc1 Rd8 22.b4 Bd7 23.Be4 Bc6 24.Bxc6 bxc6 25.Qd3 a5 26.f5 axb4 27.e6 bxa3 28.Rf1 f6 29.fxg6 a2 30.gxh7+ Kh8 31.Qg6 Qb2 32.Qf7 a1=Q 33.Qxe7 Qxf1+ 34.Kxf1 Qb5+ 35.Ke1 Qe5+ 36.Kf1 Ra8 37.g4 d3 38.Qd7 Qe2+ 0-1

[Event "FIDE Grand Swiss 2023"]
[Site "Villa Marina, Douglas, Isle of Man"]
[Date "2023.10.25"]
[Round "1.40"]
[White "Bluebaum, Matthias"]
[Black "Vokhidov, Shamsiddin"]
[Result "1/2-1/2"]
[WhiteElo "2668"]
[BlackElo "2578"]
[EventDate "2023.10.25"]
[ECO "D38"]
[PlyCount "219"]
[BlackFideId "14204223"]
[TimeControl "40/100 + 20/50 + 15 + 30s/move"]
[WhiteFideId "24651516"]

1.d4 Nf6 2.c4 e6 3.Nf3 d5 4.Nc3 Bb4 5.Bg5 h6 6.Bxf6 Qxf6 7.e3 O-O 8.a3 Bxc3+ 9.bxc3 c5 10.g4 Nc6 11.h4 Qd8 12.g5 h5 13.Bg2 cxd4 14.cxd4 g6 15.O-O b6 16.Nd2 Bb7 17.cxd5 exd5 18.Qf3 Ne7 19.Rfc1 Rc8 20.Qf4 Qd7 21.Kh2 Qf5 22.Qxf5 Nxf5 23.Bh3 Rxc1 24.Rxc1 Rc8 25.Rxc8+ Bxc8 26.Nb1 Ne7 27.Bxc8 Nxc8 28.Nc3 Ne7 29.Nb5 a5 30.Nc7 Kg7 31.Kg3 Nf5+ 32.Kf4 Nxh4 33.a4 Nf5 34.Nxd5 b5 35.axb5 a4 36.Nc3 a3 37.b6 Nd6 38.e4 Kf8 39.e5 Nb7 40.d5 Ke7 41.Kg3 Nc5 42.f4 Kd8 43.Kh4 Ke7 44.f5 gxf5 45.Kxh5 f4 46.Kh4 f3 47.Kg3 f2 48.Kg2 Kd8 49.g6 fxg6 50.e6 Ke7 51.Kxf2 Ne4+ 52.Nxe4 a2 53.b7 a1=Q 54.d6+ Kxe6 55.b8=Q Qd4+ 56.Kf3 Qd1+ 57.Kf4 Qc1+ 58.Kg4 Qg1+ 59.Kh4 Qe1+ 60.Kh3 Qe3+ 61.Ng3 Qd4 62.Qg8+ Kxd6 63.Qxg6+ Kc7 64.Qc2+ Kd7 65.Ne4 Qh8+ 66.Kg4 Qg7+ 67.Kf5 Qh7+ 68.Ke5 Qe7+ 69.Kd5 Qf7+ 70.Kd4 Qg7+ 71.Kd3 Qe5 72.Qa4+ Kc7 73.Qa7+ Kc6 74.Qa8+ Kc7 75.Nc3 Qf5+ 76.Kc4 Qf1+ 77.Kb4 Qf4+ 78.Ne4 Kd7 79.Qd5+ Ke7 80.Ka4 Kf8 81.Qe6 Qf7 82.Qh6+ Qg7 83.Qh4 Qd4+ 84.Kb3 Qd5+ 85.Kc3 Qa5+ 86.Kd4 Qb6+ 87.Kd3 Qb5+ 88.Ke3 Qb6+ 89.Kf4 Qc7+ 90.Kg4 Qd7+ 91.Kf3 Qf7+ 92.Kg2 Qa2+ 93.Nf2 Qd5+ 94.Kg1 Qe5 95.Qd8+ Kf7 96.Qd3 Qg5+ 97.Kf1 Qe5 98.Ne4 Qf4+ 99.Ke2 Qh2+ 100.Kd1 Qg1+ 101.Kc2 Qh2+ 102.Kb3 Qb8+ 103.Kc4 Qc7+ 104.Nc5 Qf4+ 105.Kb5 Qb8+ 106.Kc4 Qf4+ 107.Kd5 Qg5+ 108.Kc6 Qg6+ 109.Kb7 Qxd3 110.Nxd3 1/2-1/2

[Event "FIDE Grand Swiss 2023"]
[Site "Villa Marina, Douglas, Isle of Man"]
[Date "2023.10.25"]
[Round "1.41"]
[White "Fier, Alexandr"]
[Black "Wojtaszek, Radoslaw"]
[Result "1/2-1/2"]
[WhiteElo "2574"]
[BlackElo "2668"]
[EventDate "2023.10.25"]
[ECO "C53"]
[PlyCount "60"]
[BlackFideId "1118358"]
[TimeControl "40/100 + 20/50 + 15 + 30s/move"]
[WhiteFideId "2107139"]

1.e4 e5 2.Nf3 Nc6 3.Bc4 Bc5 4.c3 Nf6 5.d4 exd4 6.e5 d5 7.Be2 Ne4 8.cxd4 Bb6 9.Nc3 O-O 10.O-O Be6 11.Be3 f6 12.exf6 Qxf6 13.Bd3 Nxc3 14.bxc3 Bg4 15.Be2 Rae8 16.a4 Qd6 17.Re1 h6 18.Ra2 Ba5 19.Rc2 Qa3 20.Qa1 Qxa1 21.Rxa1 Ne7 22.h3 Bf5 23.Rcc1 Ng6 24.c4 dxc4 25.Bxc4+ Kh8 26.d5 Ne5 27.Nxe5 Rxe5 28.Bb3 Be4 29.Bxa7 Bxd5 30.Bxd5 Rxd5 1/2-1/2

[Event "FIDE Grand Swiss 2023"]
[Site "Villa Marina, Douglas, Isle of Man"]
[Date "2023.10.25"]
[Round "1.42"]
[White "Niemann, Hans Moke"]
[Black "Amar, Elham"]
[Result "1-0"]
[WhiteElo "2667"]
[BlackElo "2568"]
[EventDate "2023.10.25"]
[ECO "B67"]
[PlyCount "75"]
[BlackFideId "1533533"]
[TimeControl "40/100 + 20/50 + 15 + 30s/move"]
[WhiteFideId "2093596"]

1.e4 c5 2.Nf3 d6 3.d4 cxd4 4.Nxd4 Nf6 5.Nc3 Nc6 6.Bg5 e6 7.Qd2 a6 8.O-O-O Bd7 9.f3 Be7 10.Kb1 Nxd4 11.Qxd4 Qc7 12.Qd2 b5 13.h4 h6 14.Be3 h5 15.Bg5 b4 16.Ne2 a5 17.c4 e5 18.Ng3 Rd8 19.Be2 Be6 20.Nf5 Bxf5 21.exf5 d5 22.Bxf6 Bxf6 23.cxd5 O-O 24.d6 Qd7 25.g4 e4 26.Qd5 b3 27.axb3 Rb8 28.g5 a4 29.gxf6 axb3 30.Qd4 Qxf5 31.Rhg1 Qa5 32.Rxg7+ Kh8 33.Rg5 Qa2+ 34.Kc1 Rfc8+ 35.Kd2 Rc2+ 36.Ke3 Kh7 37.Qxe4+ Kh6 38.Rxh5+ 1-0

[Event "FIDE Grand Swiss 2023"]
[Site "Villa Marina, Douglas, Isle of Man"]
[Date "2023.10.25"]
[Round "1.43"]
[White "Kozak, Adam"]
[Black "Volokitin, Andrei"]
[Result "1/2-1/2"]
[WhiteElo "2566"]
[BlackElo "2664"]
[EventDate "2023.10.25"]
[ECO "E51"]
[PlyCount "82"]
[BlackFideId "14107090"]
[TimeControl "40/100 + 20/50 + 15 + 30s/move"]
[WhiteFideId "753246"]

1.d4 Nf6 2.c4 e6 3.Nf3 d5 4.Nc3 Bb4 5.e3 O-O 6.Bd2 b6 7.Rc1 Bb7 8.a3 Be7 9.cxd5 exd5 10.g3 a5 11.Bg2 Ba6 12.Ne5 Bd6 13.Nxd5 Bxe5 14.Nxf6+ Bxf6 15.Bxa8 c6 16.Qf3 Re8 17.Kd1 Bd3 18.Qg2 Be4 19.f3 Bd5 20.Rc3 b5 21.e4 Bc4 22.d5 cxd5 23.Bxd5 Bxc3 24.Bxc3 Bxd5 25.exd5 Qxd5+ 26.Kc1 Nc6 27.Re1 Rxe1+ 28.Bxe1 Nd4 29.Bc3 Nb3+ 30.Kc2 Na1+ 31.Kb1 Qd1+ 32.Ka2 Nb3 33.f4 h5 34.Bxa5 Nc1+ 35.Kb1 Ne2+ 36.Ka2 Qc2 37.Qd5 Nc1+ 38.Ka1 Nb3+ 39.Ka2 Nc1+ 40.Ka1 Nb3+ 41.Ka2 Nc1+ 1/2-1/2

[Event "FIDE Grand Swiss 2023"]
[Site "Villa Marina, Douglas, Isle of Man"]
[Date "2023.10.25"]
[Round "1.44"]
[White "Cheparinov, Ivan"]
[Black "Parligras, Mircea-Emilian"]
[Result "1-0"]
[WhiteElo "2658"]
[BlackElo "2561"]
[EventDate "2023.10.25"]
[ECO "A07"]
[PlyCount "103"]
[BlackFideId "1204297"]
[TimeControl "40/100 + 20/50 + 15 + 30s/move"]
[WhiteFideId "2905540"]

1.Nf3 d5 2.g3 Nd7 3.d4 Nb6 4.b3 c6 5.a4 a5 6.Bg2 Nf6 7.O-O Bf5 8.Nh4 Be4 9.f3 Bg6 10.Nxg6 hxg6 11.c3 Nbd7 12.e4 dxe4 13.fxe4 e5 14.Be3 Be7 15.Nd2 O-O 16.Kh1 Qc7 17.Nc4 b5 18.Nxe5 Nxe5 19.dxe5 Qxe5 20.Bd4 Qe6 21.e5 Nd5 22.axb5 cxb5 23.Qd3 Rfb8 24.Rad1 Nc7 25.Bxa8 Rxa8 26.Qf3 Ra6 27.Rd3 a4 28.bxa4 bxa4 29.Qb7 Qd5+ 30.Qxd5 Nxd5 31.Bg1 Nb6 32.Bxb6 Rxb6 33.Rd7 Re6 34.Ra7 f5 35.exf6 Bxf6 36.c4 Re2 37.Ra8+ Kf7 38.Rxa4 Rc2 39.Ra7+ Ke6 40.Ra6+ Ke5 41.Rf4 Re2 42.h4 Rc2 43.Kg1 Re2 44.Kf1 Rc2 45.Ra5+ Kd6 46.Rg4 Ke6 47.Rxg6 Rxc4 48.Kg2 Kf7 49.h5 Rc2+ 50.Kh3 Rc1 51.Ra7+ Kg8 52.h6 1-0